 Dungeon Crawl Stone Soup version 0.30.0-29-ga12c61a403 (webtiles) character file.

Game seed: 17318181542926260018

1435 bmack86 the Blocker (level 8, -4/63 (64) HPs)
             Began as a Minotaur Fighter on June 17, 2023.
             Was an Initiate of Gozag.
             Killed from afar by an electric eel (8 damage)
             ... with a bolt of electricity
             ... on level 6 of the Dungeon.
             The game lasted 00:15:24 (5672 turns).

bmack86 the Blocker (Minotaur Fighter)              Turns: 5672, Time: 00:15:25

HP:   -4/63 (64)    AC: 16    Str: 23    XL:     8   Next: 45%
MP:   7/7           EV:  6    Int:  5    God:    Gozag
Gold: 500           SH: 15    Dex: 10    Spells: 7/7 levels left

rFire   . . .        a - +1 war axe
rCold   . . .        j - +0 tower shield
rNeg    . . .        D - +0 chain mail
rPois   .            (helmet restricted)
rElec   .            (no cloak)
rCorr   .            (no gloves)
SInv    .            B - +2 pair of boots
Will    .....        (no amulet) Stlth
                     F - +4 ring of protection
HPRegen 0.30/turn    (no ring)
MPRegen 0.10/turn

%: no passive effects
@: gold aura, lightly drained, very slow
A: horns 2, retaliatory headbutt
a: Renounce Religion, Potion Petition, Call Merchant, Bribe Branch


You were on level 6 of the Dungeon.
You worshipped Gozag.
Gozag was pleased with you.
You visited 2 branches of the dungeon, and saw 7 of its levels.
You also visited: Ossuary.

You collected 703 gold pieces.
You paid 203 gold pieces to Gozag.

Inventory:

Hand Weapons
 a - a +1 war axe (weapon)
Missiles
 e - 6 silver javelins
 m - 11 poisoned darts
 y - 5 boomerangs
 C - 3 throwing nets
 G - 3 curare-tipped darts
Armour
 b - a +0 scale mail
 c - a +0 buckler
 j - a +0 tower shield (worn)
 B - a +2 pair of boots (worn)
 D - a +0 chain mail (worn)
Jewellery
 w - an amulet of faith
 F - a +4 ring of protection (left hand)
Wands
 n - a wand of iceblast (1) (quivered)
 q - a wand of polymorph (7)
 H - a wand of paralysis (7)
Scrolls
 g - 3 scrolls of fog
 h - 2 scrolls of amnesia
 i - a scroll of fear
 k - 3 scrolls of teleportation
 r - a scroll of enchant armour
 s - a scroll of enchant weapon
 t - 2 scrolls of identify
 u - a scroll of noise
Potions
 d - 2 potions of might
 f - 5 potions of heal wounds
 l - 2 potions of lignification
 o - 4 potions of curing
 p - a potion of brilliance
 x - a potion of haste
 z - 5 potions of magic
 A - a potion of cancellation
 E - 2 potions of berserk rage


   Skills:
 - Level 3.6 Fighting
 + Level 9.4 Axes
 - Level 3.6 Armour
 + Level 9.4 Shields


You had 7 spell levels left.
You didn't know any spells.
Your spell library contained the following spells:

 Spells                   Type           Power      Damage    Failure   Level
 Shock                    Conj/Air       0%         1d3       100%        1
 Dazzling Flash           Conj/Hex       0%         N/A       100%        3
 Frozen Ramparts          Ice            0%         1d1       100%        3
 Swiftness                Air            0%         N/A       100%        3
 Volatile Blastmotes      Fire/Tloc      0%         2d10      100%        3
 Airstrike                Air            0%         2d(0-16)  100%        4
 Ice Form                 Ice/Tmut       0%         N/A       100%        4
 Iskenderun's Mystic Bla  Conj/Tloc      0%         2d3       100%        4
 Summon Ice Beast         Ice/Summ       0%         N/A       100%        4
 Summon Mana Viper        Hex/Summ       0%         N/A       100%        5
 Starburst                Conj/Fire      0%         6d3       100%        6
 Monstrous Menagerie      Summ           0%         N/A       100%        7


Dungeon Overview and Level Annotations

Branches:
Dungeon (6/15)             Temple (1/1) D:5         Ossuary (visited)

Altars:
Cheibriados
Dithmenos
Elyvilon
Fedhas
Gozag
Hepliaklqana
Nemelex Xobeh
Okawaru
Qazlal
Ru
Sif Muna
Trog
Uskayaw
Vehumet
Wu Jian
Yredelemnul
Zin
The Shining One

Annotations:
D:4 2 transporters, BONEBRO's ghost, novice HOMo


Innate Abilities, Weirdness & Mutations

You have a pair of horns on your head.
You reflexively headbutt those who attack you in melee.


Message History

The wight is almost destroyed.
You block the wight's attack.
You closely miss the wight. You headbutt the wight.
You destroy the wight!
You hear a splash. x2
You enter the shallow water.
Moving in this stuff is going to be slow.
You now have 500 gold pieces (gained 5).
Things that are here:
a +0 halberd; a +0 robe You enter the shallow water.
Moving in this stuff is going to be slow.
An orc comes into view. It is wielding a +0 short sword.
The orc shouts!
An orc comes into view. It is wielding a +0 short sword.
Things that are here:
6 gold pieces; a +1 flail of protection; a +0 leather armour The orc shouts!
An orc comes into view. It is wielding a +0 club.
An electric eel comes into view.
The orc shouts!
The electric eel shoots out a bolt of lightning at you!
The bolt of electricity hits you!
* * * LOW HITPOINT WARNING * * *
A shadow imp comes into view.
An electric eel comes into view.
Found a quarterstaff.
The shadow imp shouts!
The electric eel shoots out a bolt of lightning at you!
The bolt of electricity hits you!
* * * LOW HITPOINT WARNING * * *
The shadow imp is distracted by your dazzling golden aura.
The electric eel shoots out a bolt of lightning at you!
The bolt of electricity hits you.
* * * LOW HITPOINT WARNING * * *
The orc is distracted by your dazzling golden aura.
The electric eel shoots out a bolt of lightning at you!
The bolt of electricity hits you!
You die...
Your body crumbles into a pile of gold.

# ...###.... .##.
#..#...#5####.
...###...........:.
.##=....~~~~o.......
......≈~≈...~~~...#
..~S≈~~..o...~~~~.#
~~S...?.o~~~....~.##
~)...?.@~~~$≈.......
...≈~~~~~...)~~≈....
.≈~~~~~..._...≈~~.##
~~~.....#..$#.....#
~...######..###..##
..## #.## ..# # #.#
..###.#
#######.####... ...
............#.###.#


You could see 2 electric eels, a shadow imp (unaware) and 3 orcs.

Vanquished Creatures
  Duvessa (D:4)
  A water moccasin (D:5)
  2 kobold brigands (D:3)
  3 wights (D:6)
  Dowan (D:4)
  A jelly (D:5)
  5 hounds
  A gnoll bouda (D:6)
  A sleepcap (D:6)
  3 iguanas (D:5)
  3 orc wizards
  8 mummies (Ossuary)
  12 gnolls
  12 adders
  4 worms
  3 dart slugs
  19 orcs
  12 ball pythons
  7 bats
  11 endoplasms
  8 giant cockroaches
  A gnoll zombie (Ossuary)
  7 goblins
  9 hobgoblins
  4 jackals (D:2)
  5 quokkas
  7 frilled lizards
  3 hobgoblin zombies (Ossuary)
  16 kobolds
  4 orc zombies (Ossuary)
  3 rats
177 creatures vanquished.

Notes
Turn   | Place    | Note
-------+----------+-------------------------------------------
     0 | D:1      | bmack86 the Minotaur Fighter began the quest for the Orb.
     0 | D:1      | Reached XP level 1. HP: 19/19 MP: 0/0
   168 | D:1      | Reached XP level 2. HP: 20/26 MP: 1/1
   671 | D:1      | Reached XP level 3. HP: 25/31 MP: 2/2
  1303 | D:2      | Reached XP level 4. HP: 39/39 MP: 3/3
  1748 | D:2      | Reached skill level 5 in Axes
  1800 | D:2      | Reached skill level 5 in Shields
  1919 | D:3      | You fall into a shaft and drop 1 floor!
  1948 | D:4      | Noticed BONEBRO's ghost (novice HOMo)
  1950 | D:4      | Identified the +8 great mace of Fortitude {flame, Fly rPois
                  | rF- rC+}
  1950 | D:4      | Noticed an ogre
  1951 | D:4      | Noticed an ogre
  1957 | D:4      | Found a transporter.
  1970 | D:4      | Found a transporter.
  1975 | D:4      | Found a sand-covered staircase.
  1986 | Ossuary  | Entered an ossuary
  2004 | Ossuary  | Reached XP level 5. HP: 19/45 MP: 4/4
  2357 | D:4      | Reached XP level 6. HP: 46/51 MP: 5/5
  2577 | D:4      | Found a sparkling altar of Nemelex Xobeh.
  2824 | D:4      | Noticed Duvessa
  2824 | D:4      | Noticed Dowan
  2831 | D:4      | Killed Dowan
  2833 | D:4      | Killed Duvessa
  3145 | D:4      | Reached XP level 7. HP: 48/57 MP: 6/6
  3732 | D:3      | Found a faded altar of an unknown god.
  3968 | D:5      | Entered Level 5 of the Dungeon
  4342 | D:5      | Reached XP level 8. HP: 33/64 MP: 7/7
  4656 | D:5      | Found a staircase to the Ecumenical Temple.
  4672 | Temple   | Entered the Ecumenical Temple
  4755 | Temple   | Became a worshipper of Gozag Ym Sagoz the Greedy
  5637 | D:6      | Found a sacrificial altar of Ru.
  5672 | D:6      | Killed from afar by an electric eel

Illustrated notes

Levels and vault maps discovered:
D:1:      psy_arrival_terrarium, layout_basic, serial_corexii_hall,
          chequers_hall_statues_y, corexii_hall_statues_l
D:2:      minmay_thinvault, layout_loops_cross
D:3:      cheibrodos_thug_alley, layout_basic, basic_ecumenical_altar,
          chequers_arboretum, st_stairs_8
D:4:      layout_basic, nemelex_diamond_rough_becter, gammafunk_ghost_smash,
          lightli_ossuary_entry_decrepit_ruins, kennysheep_cluttered_room,
          uniq_duvessa
D:5:      layout_cave_pods, minmay_temple_entry_hall,
          chequers_serial_rivers_room_b, minmay_splitting_lines,
          nicolae_half_adder
D:6:      layout_loops_ring, mainiacjoe_overflow_boulevard,
          mainiacjoe_overflow_catch_the_wave, minmay_tree_intersection
Temple:   nicolae_temple_bog_church

Skill      XL: |  1  2  3  4  5  6  7  8 |
---------------+-------------------------+-----
Axes           | 3 4 5 6 7 8 9 |  9.4
Shields        | 4 5 6 8 9 |  9.4
Fighting       | |  3.6
Armour         | |  3.6

Action                     |  1- 3 |  4- 6 |  7- 9 || total
---------------------------+-------+-------+-------++-------
  Melee: War axe           |    86 |   118 |   195 ||   399
         Headbutt          |    13 |    17 |    24 ||    54
  Evoke: Wand              |       |     7 |       ||     7
    Use: Scroll            |     5 |     5 |    10 ||    20
         Potion            |       |     1 |       ||     1
 Armour: Scale mail        |    33 |    34 |     5 ||    72
         Chain mail        |       |       |   119 ||   119
  Dodge: Dodged            |    20 |    44 |    69 ||   133
  Block: Buckler           |     2 |       |       ||     2
         Tower shield      |    57 |   115 |   208 ||   380
